 Dungeon Crawl Stone Soup version 0.27-a0-1220-g54dba09ff7 (webtiles) character file.

Game seed: 4633307756425949792

205 Bnni the Sneak (level 5, -1/41 HPs)
             Began as a Demonspawn Brigand on June 7, 2021.
             Slain by an orc
             ... wielding a +0 hand axe
              (6 damage)
             ... on level 2 of the Dungeon.
             The game lasted 00:04:38 (2294 turns).

Bnni the Sneak (Demonspawn Brigand)                 Turns: 2294, Time: 00:04:38

Health: -1/41      AC:  4    Str: 11    XL:     5   Next: 53%
Magic:  5/5        EV: 11    Int: 13    God:
Gold:   62         SH:  0    Dex: 15    Spells: 4/4 levels left

rFire    . . .     SeeInvis .   a - +2 dagger
rCold    . . .     Faith    .   (no shield)
rNeg     . . .     Spirit   .   g - +0 leather armour
rPois    .         Reflect  .   (helmet restricted)
rElec    .         Harm     .   c - +0 cloak
rCorr    .         Rampage  .   (no gloves)
Will     .....                  (no boots)
Stlth    +++.......             (no amulet)
HPRegen  0.13/turn              (no ring)
MPRegen  0.09/turn              (no ring)

@: no status effects
A: antennae 2, claws 1, foul stench 1
a: no special abilities


You were on level 2 of the Dungeon.
You visited 1 branch of the dungeon, and saw 3 of its levels.

You collected 62 gold pieces.

Inventory:

Hand Weapons
 a - a +2 dagger (weapon)
 o - a +3 trident
Missiles
 d - 15 poisoned darts (quivered)
 e - 2 curare-tipped darts
 l - 3 boomerangs
Armour
 b - a +0 robe
 c - a +0 cloak (worn)
 g - a +0 leather armour (worn)
Wands
 k - a wand of digging (4)
Scrolls
 f - a scroll of acquirement {unknown}
 h - 2 scrolls of enchant armour {unknown}
 i - a scroll of fog {unknown}
 j - 2 scrolls of identify {unknown}
 q - a scroll of brand weapon {unknown}
Potions
 m - a potion of resistance {unknown}
 n - a potion of lignification {unknown}
 p - a potion of brilliance {unknown}


   Skills:
 + Level 3.3 Fighting
 * Level 3.9 Short Blades
 - Level 1.7 Throwing
 - Level 0.8 Dodging
 + Level 4.5 Stealth


You had 4 spell levels left.
You didn't know any spells.
Your spell library was empty.

Dungeon Overview and Level Annotations

Branches:
Dungeon (3/15)

Altars:

Shops:
D:1 :


Innate Abilities, Weirdness & Mutations

You have a pair of antennae on your head.
You have sharp fingernails.
You may rarely emit foul miasma when damaged in melee.


Message History

The orc hits you but does no damage.
There is a stone staircase leading up here.
The gnoll hits you from afar with a +0 halberd.
* * * LOW HITPOINT WARNING * * *
The orc hits you with a +0 hand axe.
* * * LOW HITPOINT WARNING * * *
You climb upwards.
There is a stone staircase leading down here.
You are too injured to fight recklessly!
You are too injured to fight recklessly!
You hit the orc.
The orc is moderately wounded.
The orc closely misses you.
You hit the orc but do no damage.
The orc is moderately wounded.
The orc barely misses you.
You hit the orc but do no damage.
The orc is moderately wounded.
You hit the orc.
The orc is severely wounded.
The orc barely misses you.
You barely miss the orc.
The orc is severely wounded.
The orc closely misses you.
You barely miss the orc.
The orc is severely wounded.
The orc hits you with a +0 hand axe.
* * * LOW HITPOINT WARNING * * *
You hit the orc but do no damage.
The orc is severely wounded.
The orc hits you but does no damage.
You hit the orc but do no damage.
The orc is severely wounded.
You closely miss the orc.
The orc is severely wounded.
The orc closely misses you.
You hit the orc but do no damage.
The orc is severely wounded.
The orc hits you with a +0 hand axe.
You die...

#.#####.#.####.......#
#.#
#.........#.##.#####
#.#
###.####.#.........#
#.# #.# #.#..##.###.#
#.# #.####(#..##.# #.#
##### #.#
#..........#.# #.#
#.... #.#
######......)# #.#
#.### #.#
######)o.#####.####.###
#.#
#.....@................
#.#
#.####.############.###
#.# #.# #.# #.# #.#
##.####.### #.### #.#
#.........# #.... #.#
#..####.#.# ####### #.#
#..# #.#.# #...... #.#
#..## #.#.# #.##### #.#
##...###.#.# #.# #.


You could see an orc.

Vanquished Creatures
  An ogre (D:2)
  An orc wizard (D:3)
  A gnoll (D:2)
  3 adders
  A worm (D:2)
  3 dart slugs
  2 orcs (D:3)
  3 ball pythons (D:1)
  3 endoplasms
  A giant cockroach (D:1)
  4 goblins
  4 hobgoblins
  3 jackals (D:1)
  3 kobolds
  A quokka (D:1)
  5 bats
  4 frilled lizards
  2 rats (D:2)
45 creatures vanquished.

Vanquished Creatures (others)
  A plant (D:3)
1 creature vanquished.

Grand Total: 46 creatures vanquished

Notes
Turn   | Place    | Note
-------+----------+-------------------------------------------
     0 | D:1      | Bnni the Demonspawn Brigand began the quest for the Orb.
     0 | D:1      | Reached XP level 1. HP: 16/16 MP: 1/1
   226 | D:1      | Gained mutation: You have a pair of small antennae on your
                  | head. [demonic ancestry]
   226 | D:1      | Reached XP level 2. HP: 19/22 MP: 2/2
   319 | D:1      | Found Suneiggo's Book Boutique.
   583 | D:1      | Gained mutation: You may rarely emit foul miasma when
                  | damaged in melee. [demonic ancestry]
   583 | D:1      | Reached XP level 3. HP: 28/28 MP: 3/3
   899 | D:2      | Reached skill level 4 in Stealth
  1247 | D:2      | Noticed an ogre
  1265 | D:2      | Killed an ogre
  1266 | D:2      | Gained mutation: You have a pair of antennae on your head.
                  | [demonic ancestry]
  1266 | D:2      | Reached XP level 4. HP: 35/35 MP: 4/4
  1266 | D:2      | Gained mutation: You have sharp fingernails. [demonic
                  | ancestry]
  1266 | D:2      | Reached XP level 5. HP: 41/41 MP: 5/5
  2294 | D:2      | Slain by an orc

Illustrated notes

Levels and vault maps discovered:
D:1:      ncdulo_lavacross, layout_rooms, serial_shops, shop
D:2:      layout_loops_ring
D:3:      cheibrodos_old_hovel, layout_loops_ring,
          minmay_misc_feat_four_crosses, chequers_decorated_corner,
          kennysheep_pointless_box, corexii_item_surrounded_by_moat,
          small_statue_intersection, hangedman_decor_push, solitary_fountain

Skill      XL: |  1  2  3 |
---------------+----------+-----
Short Blades   | 2 3 |  3.9
Stealth        | 4 |  4.5
Fighting       | 3 |  3.3
Throwing       | |  1.7
Dodging        | |  0.8

Action                   |  1- 3 |  4- 6 || total
-------------------------+-------+-------++-------
Melee: Dagger            |   102 |    72 ||   174
Throw: Dart              |     8 |       ||     8
 Stab: Sleeping          |     8 |     3 ||    11
Armor: Leather armour    |    46 |    19 ||    65
       Robe              |     4 |       ||     4
Dodge: Dodged            |    75 |    34 ||   109

Table legend: (Time is in decaauts)
 A = Elapsed time spent in this place.
 B = Non-inter-level travel time spent in this place.
 C = Inter-level travel time spent in this place.
 D = Time resting spent in this place.
 E = Time spent auto-exploring this place.
 F = Levels seen in this place.
 G = Mean time per level.
                   A        B        C        D        E       F      G
               +--------+--------+--------+--------+--------+-----+--------+
         Total |   2268 |   2219 |     49 |    450 |   1311 |   3 |  756.0 |
       Dungeon |   2268 |   2219 |     49 |    450 |   1311 |   3 |  756.0 |
               +--------+--------+--------+--------+--------+-----+--------+

Top non-repeatable levels by time:
     D:2: 853 daAuts
     D:1: 747 daAuts
     D:3: 667 daAuts
